 Dungeon Crawl Stone Soup version 0.30-a0-377-g5cb311bc9f (webtiles) character file.

Game seed: 13312487050632818013

30 Uniporpoise the Digger (level 3, 0/20 HPs)
             Began as a Gargoyle Earth Elementalist on Dec 1, 2022.
             Slain by Terence
             ... wielding a +0 hand axe
              (3 damage)
             ... on level 2 of the Dungeon.
             The game lasted 00:01:16 (1225 turns).

Uniporpoise the Digger (GrEE)                       Turns: 1225, Time: 00:01:17

Health: 0/20       AC:  6    Str: 11    XL:     3   Next: 18%
Magic:  5/6        EV: 12    Int: 17    God:
Gold:   68         SH:  0    Dex: 10    Spells: 2/6 levels left

rFire   . . .      SeeInvis .    f - +0 whip
rCold   . . .      Faith    .    (no shield)
rNeg    + . .      Spirit   .    a - +0 robe
rPois   ∞          Reflect  .    (no helmet)
rElec   +          Harm     .    h - +0 cloak
rCorr   .          Rampage  .    (no gloves)
Will    .....                    (no boots)
Stlth   ++........               (no amulet)
HPRegen 0.23/turn                (no ring)
MPRegen 0.10/turn                (no ring)

@: no status effects
A: sickness immunity, AC +3, negative energy resistance 1, electricity
resistance, torment resistance 1, petrification resistance
a: no special abilities


You were on level 2 of the Dungeon.
You visited 1 branch of the dungeon, and saw 2 of its levels.

You collected 68 gold pieces.

Inventory:

Hand Weapons
 f - a +0 whip (weapon)
Armour
 a - a +0 robe (worn)
 h - a +0 cloak (worn)
Scrolls
 c - a scroll of poison {unknown}
 d - a scroll of brand weapon {unknown}
 e - a scroll of silence {unknown}
 g - a scroll of noise {unknown}
 i - a scroll of blinking {unknown}
 j - a scroll of enchant weapon {unknown}


   Skills:
 + Level 1.0 Fighting
 + Level 1.9 Dodging
 - Level 2.1 Stealth
 + Level 2.2 Spellcasting
 * Level 0.0 Conjurations
 - Level 1.0 Transmutations
 * Level 4.2 Earth Magic


You had 2 spell levels left.
You knew the following spells:

 Your Spells              Type           Power      Damage    Failure   Level
a - Sandblast             Erth           32%        2d9       3%          1
b - Stone Arrow           Conj/Erth      18%        3d8       24%         3

Your spell library contained the following spells:

 Spells                   Type           Power      Damage    Failure   Level
 Passwall                 Tmut/Erth      8%         N/A       10%         2
 Sting                    Tmut/Pois      12%        1d3       16%         1
 Poisonous Vapours        Pois/Air       2%         N/A       28%         2
 Gell's Gravitas          Tloc           1%         N/A       50%         3
 Lesser Beckoning         Tloc           2%         N/A       50%         3
 Teleport Other           Tloc           1%         N/A       50%         3
 Petrify                  Tmut/Erth      10%        N/A       54%         4
 Olgreb's Toxic Radiance  Pois           1%         N/A       88%         4


Dungeon Overview and Level Annotations

Branches:
Dungeon (2/15)

Altars:

Annotations:
D:2 Terence


Innate Abilities, Weirdness & Mutations

You are immune to sickness and miasma.
Your stone body is resilient. (AC +3)
You are immune to poison.
You resist negative energy. (rN+)
You are resistant to electric shocks. (rElec)
You are resistant to unholy torment.
You are immune to petrification.


Message History

Terence is heavily wounded.
Terence misses you. Terence closely misses you.
Your magical contamination has completely faded away.
You are out of magic!
You hit Terence but do no damage.
Terence is heavily wounded.
Terence closely misses you.
You hit Terence but do no damage.
Terence is heavily wounded.
Terence closely misses you.
The blast of sand hits Terence but does no damage.
Terence is heavily wounded.
Terence closely misses you.
You barely miss Terence.
Terence is heavily wounded.
Terence hits you with a +0 hand axe.
You closely miss Terence.
Terence is heavily wounded.
Terence completely misses you.
You hit Terence but do no damage.
Terence is heavily wounded.
Terence hits you with a +0 hand axe. x2
You closely miss Terence. You punch Terence, but do no damage.
Terence is heavily wounded.
Terence hits you but does no damage.
You hit Terence.
Terence is heavily wounded.
Terence completely misses you. Magic courses through your body.
Terence hits you with a +0 hand axe!
* * * LOW HITPOINT WARNING * * *
You are too injured to fight recklessly!
Casting: Sandblast (safe; 3% risk of failure)
Confirm with . or Enter, or press ? or * to list all spells.
Aiming: Sandblast (safe; 3% risk of failure)
Press: ? - help, Shift-Dir - straight line, f/p - Terence
Aim: Terence, wielding a +0 hand axe and wearing a +0 scale mail (heavily wounded, 84% to hit)
The blast of sand hits Terence but does no damage.
Terence is heavily wounded.
Terence hits you with a +0 hand axe.
You die...

### #.. #.# #.# # ###.#
.# #####...#+#.#
#......@....#
+.....[@....#
#...........#
#......$....#
#...........# #.###
#.........[.# ...
#...........############
###.............(.....##
####....#+#+#+#+ #...
#....# #...


You could see Terence.

Vanquished Creatures
  An adder (D:2)
  A worm (D:2)
  A ball python (D:1)
  An endoplasm (D:1)
  3 goblins
  A hobgoblin (D:1)
  A quokka (D:1)
  4 bats
  A frilled lizard (D:2)
  A kobold (D:1)
  2 rats (D:2)
17 creatures vanquished.

Notes
Turn   | Place    | Note
-------+----------+-------------------------------------------
     0 | D:1      | Uniporpoise the Gargoyle Earth Elementalist began the quest
                  | for the Orb.
     0 | D:1      | Reached XP level 1. HP: 10/10 MP: 3/3
   548 | D:1      | Reached skill level 1 in Transmutations
   548 | D:1      | Reached XP level 2. HP: 16/16 MP: 3/5
  1006 | D:2      | Found a faded altar of an unknown god.
  1008 | D:2      | Reached skill level 4 in Earth Magic
  1097 | D:2      | Reached skill level 1 in Fighting
  1097 | D:2      | Reached XP level 3. HP: 20/20 MP: 1/6
  1101 | D:2      | Learned a level 3 spell: Stone Arrow
  1206 | D:2      | Noticed Terence
  1225 | D:2      | Slain by Terence

Illustrated notes

Levels and vault maps discovered:
D:1:      heliophobic_arrival_ceremonial_halls, layout_loops_corners
D:2:      layout_basic, hellmonk_ecumenical_altar_run_dry, minmay_statues_item,
          minmay_liquid_box, minmay_rat_gold_closets, uniq_terence

Skill      XL: |  1  2 |
---------------+-------+-----
Transmutations | 1 |  1.0
Earth Magic    | 4 |  4.2
Fighting       | 1 |  1.0
Dodging        | |  1.9
Stealth        | |  2.1
Spellcasting   | |  2.2

Action                   || total
-------------------------++-------
Melee: Whip              ||     7
       Punch             ||     1
 Cast: Sandblast         ||    31
  Use: Potion            ||     1
Armor: Robe              ||     7
Dodge: Dodged            ||    11

Table legend: (Time is in decaauts)
 A = Elapsed time spent in this place.
 B = Non-inter-level travel time spent in this place.
 C = Inter-level travel time spent in this place.
 D = Time resting spent in this place.
 E = Time spent auto-exploring this place.
 F = Levels seen in this place.
 G = Mean time per level.
                   A        B        C        D        E       F      G
               +--------+--------+--------+--------+--------+-----+--------+
         Total |   1239 |   1225 |     14 |      0 |   1079 |   2 |  619.5 |
       Dungeon |   1239 |   1225 |     14 |      0 |   1079 |   2 |  619.5 |
               +--------+--------+--------+--------+--------+-----+--------+

Top non-repeatable levels by time:
     D:1: 941 daAuts
     D:2: 298 daAuts
